Predators vs Oilers

Created - January 9 2011 at 14:17

Goals
1 2 3 T
Predators 1 0 0 1
Oilers 0 0 2 2
Shots
1 2 3 T
Predators 11 5 8 24
Oilers 6 8 24 38

Period #1

1. Predators , Alexandre Burrows 11 (Shea Weber) at 3:18 (PP)

Penalties :
Michal Handzus (EDM) for Hooking (Minor) at 0:18, Mark Popovic (EDM) for Holding (Minor) at 2:19, Steve Sullivan (EDM) for Slashing (Minor) at 6:08, Jeff Carter (NSH) for Interference (Minor) at 6:31, Steve Sullivan (EDM) for Hooking (Minor) at 12:04, Bryce Salvador (EDM) for High sticking (Minor) at 16:58

Period #2

No Goal

Penalties :
Bryce Salvador (EDM) for Holding Stick (Minor) at 1:36, Shea Weber (NSH) for Cross-checking (Minor) at 8:27, Shea Weber (NSH) for Cross-checking (Minor) at 10:29, Michal Handzus (EDM) for Cross-checking (Minor) at 14:12, Cody Franson (NSH) for Hooking (Minor) at 17:01

Period #3

2. Oilers , Roman Hamrlik 4 (Dany Heatley, Derek Roy) at 0:38 (PP)
3. Oilers , Scott Nichol 5 (Stephen Weiss, Bryce Salvador) at 14:51

Penalties :
Scottie Upshall (NSH) for Hooking (Minor) at 0:18, Zbynek Michalek (NSH) for Hooking (Minor) at 8:44, Brent Burns (NSH) for Delaying the game (Minor) at 11:55, Derek Morris (NSH) for Hooking (Minor) at 12:48

Goalie Stats

Pekka Rinne (NSH), 36 saves from 38 shots - (0.947), L, 29-7-2, 60:00 minutes
Kari Lehtonen (EDM), 23 saves from 24 shots - (0.958), W, 17-11-7, 60:00 minutes

Players Stats

Predators
Player Name              G  A  P  +/- PIM S  H  SB FO    MP 
------------------------------------------------------------
Alexandre Burrows        1  0  1   0  0   5  0  0  1/3   20 
Braydon Coburn           0  0  0   0  0   0  2  0  0/0   16 
Brent Burns              0  0  0   0  2   0  1  0  0/0   20 
Cody Franson             0  0  0   0  2   0  2  0  0/0   8  
David Legwand            0  0  0   0  0   0  0  1  5/16  11 
Derek Morris             0  0  0  -1  2   1  1  5  0/0   14 
Jeff Carter              0  0  0  -1  2   2  2  0  8/26  21 
Nicklas Backstrom        0  0  0   0  0   4  0  0  15/27 22 
Patric Hornqvist         0  0  0   0  0   1  1  0  0/0   18 
Patrik Elias             0  0  0  -1  0   1  0  0  2/3   19 
Scottie Upshall          0  0  0  -1  2   2  2  0  0/3   15 
Shea Weber               0  1  1   0  4   1  3  0  0/0   22 
Simon Gagne              0  0  0   0  0   3  1  0  1/1   9  
Steven Stamkos           0  0  0   0  0   2  0  0  6/8   11 
Thomas Vanek             0  0  0   0  0   0  0  0  0/0   0  
Tomas Kaberle            0  0  0  -1  0   0  3  1  0/0   18 
Wayne Simmonds           0  0  0   0  0   1  0  0  0/1   24 
Zbynek Michalek          0  0  0   0  2   1  0  1  0/0   16 
Oilers
Player Name              G  A  P  +/- PIM S  H  SB FO    MP 
------------------------------------------------------------
Adrian Aucoin            0  0  0   0  0   1  0  1  0/0   17 
Andrew Ladd              0  0  0   1  0   3  2  0  1/1   11 
Bryce Salvador           0  1  1   1  4   1  1  2  0/0   19 
Dany Heatley             0  1  1   0  0   8  3  0  2/3   19 
Derek Roy                0  1  1   0  0   2  0  0  13/21 19 
Mark Popovic             0  0  0   0  2   0  0  1  0/0   15 
Michal Handzus           0  0  0   0  4   2  2  0  19/30 21 
Miroslav Satan           0  0  0   0  0   0  0  0  0/0   0  
Radek Dvorak             0  0  0   0  0   2  1  0  0/4   20 
Rod BrindAmour           0  0  0   0  0   2  0  0  4/5   10 
Roman Hamrlik            1  0  1   0  0   1  0  1  0/0   24 
Ryan Johnson             0  0  0   1  0   1  0  0  4/8   14 
Scott Hannan             0  0  0   0  0   1  1  1  0/0   21 
Scott Nichol             1  0  1   1  0   1  1  0  5/13  11 
Sean ODonnell            0  0  0   1  0   1  0  1  0/0   22 
Stephen Weiss            0  1  1   0  0   10 0  0  1/2   19 
Steve Sullivan           0  0  0   0  4   2  0  0  1/1   20 
Todd Marchant            0  0  0   0  0   0  0  0  0/0   6  

3 Stars

1 - Kari Lehtonen (EDM)
2 - Pekka Rinne (NSH)
3 - Scott Nichol (EDM)

Power Play

Predators - 1 on 7 Attempt(s) - 14.29%
Oilers - 1 on 8 Attempt(s) - 12.50%

Penalty Kill

Predators - 7 on 8 Attempt(s) - 87.50% - Score 0 goal in Penalty Kill
Oilers - 6 on 7 Attempt(s) - 85.71% - Score 0 goal in Penalty Kill

Game Notes

No Game Note

Finance

Level 1 -- Attendance: 6348 (97.66%) -- Ticket Income $571,320.00
Level 2 -- Attendance: 4925 (98.50%) -- Ticket Income $221,625.00
Level 3 -- Attendance: 3500 (100.00%) -- Ticket Income $112,000.00
Level 4 -- Attendance: 839 (100.00%) -- Ticket Income $15,941.00
Luxury Box -- Attendance: 862 (86.20%) -- Ticket Income $165,504.00
Game was played at the Rexall Place
Total Attendance: 16474 (97.83%)
Total Ticket Income: $1,087,121.00
Other Income: $205,418.70
Total Income: $1,292,539.00


Play by Play

Period #1

0:01 of 1st period - Nicklas Backstrom wins face-off versus Derek Roy in neutral zone.
0:10 of 1st period - Shot by Wayne Simmonds.
0:10 of 1st period - Stopped by Kari Lehtonen without a rebound.
0:11 of 1st period - Michal Handzus wins face-off versus Jeff Carter in Oilers zone.
0:18 of 1st period - Minor Penalty to Michal Handzus for Hooking.
0:19 of 1st period - Scott Nichol wins face-off versus Nicklas Backstrom in Oilers zone.
1:28 of 1st period - Shot by Alexandre Burrows.
1:28 of 1st period - Shot Misses the Net.
1:30 of 1st period - Shot by Alexandre Burrows.
1:30 of 1st period - Shot Blocked by Bryce Salvador.
1:34 of 1st period - Shot by Brent Burns.
1:34 of 1st period - Shot Blocked by Bryce Salvador.
1:36 of 1st period - Shot by Brent Burns.
1:36 of 1st period - Shot Misses the Net.
1:38 of 1st period - Shot by Alexandre Burrows.
1:38 of 1st period - Stopped by Kari Lehtonen with a rebound.
1:40 of 1st period - Shot by Patric Hornqvist.
1:40 of 1st period - Stopped by Kari Lehtonen without a rebound.
1:41 of 1st period - Scott Nichol wins face-off versus Jeff Carter in Oilers zone.
1:41 of 1st period - Scott Nichol is hit by Jeff Carter.
2:01 of 1st period - Shot by Jeff Carter.
2:01 of 1st period - Shot Misses the Net.
2:03 of 1st period - Shot by Alexandre Burrows.
2:03 of 1st period - Shot Misses the Net.
2:05 of 1st period - Shot by Alexandre Burrows.
2:05 of 1st period - Deflect By Jeff Carter.
2:05 of 1st period - Stopped by Kari Lehtonen without a rebound.
2:06 of 1st period - Nicklas Backstrom wins face-off versus Stephen Weiss in Oilers zone.
2:19 of 1st period - Minor Penalty to Mark Popovic for Holding.
2:20 of 1st period - Michal Handzus wins face-off versus Jeff Carter in Oilers zone.
3:18 of 1st period - Shot by Alexandre Burrows.
3:18 of 1st period - Goal by Alexandre Burrows - Predators : 1 - Oilers : 0.
3:19 of 1st period - Stephen Weiss wins face-off versus Steven Stamkos in neutral zone.
3:48 of 1st period - Shot by Steven Stamkos.
3:48 of 1st period - Shot Blocked by Adrian Aucoin.
3:50 of 1st period - Shot by Zbynek Michalek.
3:50 of 1st period - Stopped by Kari Lehtonen without a rebound.
3:51 of 1st period - Patrik Elias wins face-off versus Derek Roy in Oilers zone.
4:06 of 1st period - Shot by Patrik Elias.
4:06 of 1st period - Shot Misses the Net.
4:19 of 1st period - Steve Sullivan is hit by Cody Franson and loses puck.
6:08 of 1st period - Minor Penalty to Steve Sullivan for Slashing.
6:09 of 1st period - Jeff Carter wins face-off versus Scott Nichol in Oilers zone.
6:31 of 1st period - Minor Penalty to Jeff Carter for Interference.
6:32 of 1st period - Steven Stamkos wins face-off versus Derek Roy in Predators zone.
6:46 of 1st period - Wayne Simmonds is hit by Dany Heatley and loses puck.
7:33 of 1st period - Shot by Michal Handzus.
7:33 of 1st period - Stopped by Pekka Rinne without a rebound.
7:34 of 1st period - Michal Handzus wins face-off versus Nicklas Backstrom in Predators zone.
7:45 of 1st period - Shot by Michal Handzus.
7:45 of 1st period - Shot Misses the Net.
7:47 of 1st period - Shot by Bryce Salvador.
7:47 of 1st period - Shot Misses the Net.
7:55 of 1st period - Shot by Michal Handzus.
7:55 of 1st period - Stopped by Pekka Rinne without a rebound.
7:56 of 1st period - Derek Roy wins face-off versus David Legwand in Predators zone.
7:56 of 1st period - Roman Hamrlik is hit by Scottie Upshall and loses puck.
8:16 of 1st period - Dany Heatley is hit by Braydon Coburn and loses puck.
8:45 of 1st period - Shot by Andrew Ladd.
8:45 of 1st period - Shot Blocked by Derek Morris.
8:47 of 1st period - Shot by Bryce Salvador.
8:47 of 1st period - Shot Blocked by Derek Morris.
8:49 of 1st period - Shot by Scott Hannan.
8:49 of 1st period - Shot Blocked by Derek Morris.
10:02 of 1st period - Shot by Alexandre Burrows.
10:02 of 1st period - Deflect By Steven Stamkos.
10:02 of 1st period - Shot Misses the Net.
12:04 of 1st period - Minor Penalty to Steve Sullivan for Hooking.
12:05 of 1st period - Scott Nichol wins face-off versus Nicklas Backstrom in Oilers zone.
13:10 of 1st period - Shot by Jeff Carter.
13:10 of 1st period - Stopped by Kari Lehtonen without a rebound.
13:11 of 1st period - Michal Handzus wins face-off versus Jeff Carter in Oilers zone.
13:17 of 1st period - Icing by Derek Morris.
13:18 of 1st period - Michal Handzus wins face-off versus Jeff Carter in Predators zone.
13:37 of 1st period - Roman Hamrlik is hit by Simon Gagne and loses puck.
14:33 of 1st period - Shot by Wayne Simmonds.
14:33 of 1st period - Deflect By Patrik Elias.
14:33 of 1st period - Shot Blocked by Sean ODonnell.
14:57 of 1st period - Shot by Andrew Ladd.
14:57 of 1st period - Stopped by Pekka Rinne without a rebound.
14:58 of 1st period - Michal Handzus wins face-off versus Scottie Upshall in Predators zone.
15:01 of 1st period - Shot by Stephen Weiss.
15:01 of 1st period - Stopped by Pekka Rinne without a rebound.
15:02 of 1st period - Steven Stamkos wins face-off versus Scott Nichol in Predators zone.
15:02 of 1st period - Steven Stamkos is hit by Scott Nichol.
15:08 of 1st period - Shot by Alexandre Burrows.
15:08 of 1st period - Deflect By Nicklas Backstrom.
15:08 of 1st period - Stopped by Kari Lehtonen without a rebound.
15:09 of 1st period - Michal Handzus wins face-off versus Scottie Upshall in Oilers zone.
15:16 of 1st period - Shot by Stephen Weiss.
15:16 of 1st period - Stopped by Pekka Rinne without a rebound.
15:17 of 1st period - Simon Gagne wins face-off versus Ryan Johnson in Predators zone.
15:34 of 1st period - Shot by Steven Stamkos.
15:34 of 1st period - Shot Misses the Net.
15:41 of 1st period - Icing by Radek Dvorak.
15:42 of 1st period - Nicklas Backstrom wins face-off versus Ryan Johnson in Oilers zone.
15:54 of 1st period - Shea Weber is hit by Andrew Ladd and loses puck.
16:33 of 1st period - Shot by Steve Sullivan.
16:33 of 1st period - Stopped by Pekka Rinne without a rebound.
16:34 of 1st period - Michal Handzus wins face-off versus Jeff Carter in Predators zone.
16:36 of 1st period - Stephen Weiss is hit by Derek Morris and loses puck.
16:51 of 1st period - Shot by Scottie Upshall.
16:51 of 1st period - Stopped by Kari Lehtonen without a rebound.
16:52 of 1st period - Steven Stamkos wins face-off versus Scott Nichol in Oilers zone.
16:52 of 1st period - Nicklas Backstrom is hit by Bryce Salvador and loses puck.
16:58 of 1st period - Minor Penalty to Bryce Salvador for High sticking.
16:59 of 1st period - Michal Handzus wins face-off versus Jeff Carter in Oilers zone.
17:53 of 1st period - Icing by Shea Weber.
17:54 of 1st period - Nicklas Backstrom wins face-off versus Michal Handzus in Predators zone.
17:59 of 1st period - Shot by Shea Weber.
17:59 of 1st period - Stopped by Kari Lehtonen without a rebound.
18:00 of 1st period - Nicklas Backstrom wins face-off versus Scott Nichol in Oilers zone.
19:23 of 1st period - Shot by Alexandre Burrows.
19:23 of 1st period - Stopped by Kari Lehtonen with a rebound.

Period #2

0:01 of 2nd period - Nicklas Backstrom wins face-off versus Derek Roy in neutral zone.
1:31 of 2nd period - Icing by Adrian Aucoin.
1:32 of 2nd period - Alexandre Burrows wins face-off versus Michal Handzus in Oilers zone.
1:35 of 2nd period - Shot by Simon Gagne.
1:35 of 2nd period - Stopped by Kari Lehtonen without a rebound.
1:36 of 2nd period - Steven Stamkos wins face-off versus Scott Nichol in Oilers zone.
1:36 of 2nd period - Minor Penalty to Bryce Salvador for Holding Stick.
1:37 of 2nd period - Nicklas Backstrom wins face-off versus Scott Nichol in Oilers zone.
1:42 of 2nd period - Shot by Patrik Elias.
1:42 of 2nd period - Shot Misses the Net.
1:52 of 2nd period - Shot by Nicklas Backstrom.
1:52 of 2nd period - Shot Misses the Net.
2:21 of 2nd period - Icing by Alexandre Burrows.
2:22 of 2nd period - Michal Handzus wins face-off versus Jeff Carter in Predators zone.
2:22 of 2nd period - Michal Handzus is hit by Scottie Upshall.
2:26 of 2nd period - Shot by Michal Handzus.
2:26 of 2nd period - Shot Misses the Net.
3:47 of 2nd period - Alexandre Burrows is hit by Dany Heatley and loses puck.
3:52 of 2nd period - Shot by Dany Heatley.
3:52 of 2nd period - Stopped by Pekka Rinne without a rebound.
3:53 of 2nd period - David Legwand wins face-off versus Michal Handzus in Predators zone.
5:03 of 2nd period - Shot by Simon Gagne.
5:03 of 2nd period - Stopped by Kari Lehtonen without a rebound.
5:04 of 2nd period - Ryan Johnson wins face-off versus Jeff Carter in Oilers zone.
5:20 of 2nd period - Shot by Radek Dvorak.
5:20 of 2nd period - Stopped by Pekka Rinne without a rebound.
5:21 of 2nd period - Steve Sullivan wins face-off versus Nicklas Backstrom in Predators zone.
6:00 of 2nd period - Shea Weber is hit by Radek Dvorak and loses puck.
6:06 of 2nd period - Icing by Patric Hornqvist.
6:07 of 2nd period - Nicklas Backstrom wins face-off versus Radek Dvorak in Predators zone.
6:46 of 2nd period - Shot by Steven Stamkos.
6:46 of 2nd period - Shot Misses the Net.
6:50 of 2nd period - Shot by Alexandre Burrows.
6:50 of 2nd period - Shot Misses the Net.
7:07 of 2nd period - Dany Heatley is hit by Tomas Kaberle and loses puck.
7:10 of 2nd period - Shot by Steve Sullivan.
7:10 of 2nd period - Shot Blocked by Derek Morris.
7:59 of 2nd period - Shot by Alexandre Burrows.
7:59 of 2nd period - Stopped by Kari Lehtonen without a rebound.
8:00 of 2nd period - Ryan Johnson wins face-off versus Nicklas Backstrom in Oilers zone.
8:26 of 2nd period - Radek Dvorak is hit by Shea Weber and loses puck.
8:27 of 2nd period - Minor Penalty to Shea Weber for Cross-checking.
8:28 of 2nd period - Rod BrindAmour wins face-off versus David Legwand in Predators zone.
8:38 of 2nd period - Shot by Sean ODonnell.
8:38 of 2nd period - Stopped by Pekka Rinne without a rebound.
8:39 of 2nd period - Jeff Carter wins face-off versus Rod BrindAmour in Predators zone.
9:34 of 2nd period - Shot by Andrew Ladd.
9:34 of 2nd period - Shot Misses the Net.
9:47 of 2nd period - Off-side.
9:48 of 2nd period - Michal Handzus wins face-off versus Jeff Carter in neutral zone.
9:50 of 2nd period - Off-side.
9:51 of 2nd period - Michal Handzus wins face-off versus David Legwand in neutral zone.
10:07 of 2nd period - Derek Morris is hit by Michal Handzus and loses puck.
10:14 of 2nd period - Shot by Stephen Weiss.
10:14 of 2nd period - Shot Misses the Net.
10:20 of 2nd period - Shot by Stephen Weiss.
10:20 of 2nd period - Stopped by Pekka Rinne without a rebound.
10:21 of 2nd period - David Legwand wins face-off versus Derek Roy in Predators zone.
10:29 of 2nd period - Minor Penalty to Shea Weber for Cross-checking.
10:30 of 2nd period - David Legwand wins face-off versus Derek Roy in Predators zone.
10:51 of 2nd period - Shot by Steve Sullivan.
10:51 of 2nd period - Shot Blocked by David Legwand.
10:53 of 2nd period - Shot by Steve Sullivan.
10:53 of 2nd period - Stopped by Pekka Rinne without a rebound.
10:54 of 2nd period - Jeff Carter wins face-off versus Michal Handzus in Predators zone.
11:13 of 2nd period - Shot by Stephen Weiss.
11:13 of 2nd period - Stopped by Pekka Rinne without a rebound.
11:14 of 2nd period - Dany Heatley wins face-off versus David Legwand in Predators zone.
11:14 of 2nd period - Dany Heatley is hit by Tomas Kaberle.
11:28 of 2nd period - Shot by Adrian Aucoin.
11:28 of 2nd period - Stopped by Pekka Rinne without a rebound.
11:29 of 2nd period - Jeff Carter wins face-off versus Michal Handzus in Predators zone.
12:42 of 2nd period - Shot by Nicklas Backstrom.
12:42 of 2nd period - Stopped by Kari Lehtonen with a rebound.
13:29 of 2nd period - Shot by Stephen Weiss.
13:29 of 2nd period - Stopped by Pekka Rinne without a rebound.
13:30 of 2nd period - Scott Nichol wins face-off versus Jeff Carter in Predators zone.
14:12 of 2nd period - Minor Penalty to Michal Handzus for Cross-checking.
14:13 of 2nd period - Nicklas Backstrom wins face-off versus Scott Nichol in Oilers zone.
15:04 of 2nd period - Patric Hornqvist is hit by Andrew Ladd and loses puck.
15:12 of 2nd period - Icing by Brent Burns.
15:13 of 2nd period - Jeff Carter wins face-off versus Scott Nichol in Predators zone.
15:43 of 2nd period - Shot by Patrik Elias.
15:43 of 2nd period - Deflect By Nicklas Backstrom.
15:43 of 2nd period - Shot Misses the Net.
15:48 of 2nd period - Nicklas Backstrom is hit by Scott Hannan and loses puck.
16:45 of 2nd period - Shot by Simon Gagne.
16:45 of 2nd period - Stopped by Kari Lehtonen without a rebound.
16:46 of 2nd period - Derek Roy wins face-off versus David Legwand in Oilers zone.
16:46 of 2nd period - Derek Roy is hit by Patric Hornqvist.
17:01 of 2nd period - Minor Penalty to Cody Franson for Hooking.
17:02 of 2nd period - Michal Handzus wins face-off versus David Legwand in Predators zone.
17:53 of 2nd period - Shot by Dany Heatley.
17:53 of 2nd period - Shot Blocked by Zbynek Michalek.
18:07 of 2nd period - Shot by Dany Heatley.
18:07 of 2nd period - Shot Blocked by Derek Morris.
19:29 of 2nd period - Icing by Derek Roy.
19:30 of 2nd period - Dany Heatley wins face-off versus Nicklas Backstrom in Oilers zone.
19:32 of 2nd period - Icing by Derek Roy.
19:33 of 2nd period - Derek Roy wins face-off versus Nicklas Backstrom in Oilers zone.
19:39 of 2nd period - Icing by Sean ODonnell.
19:40 of 2nd period - Derek Roy wins face-off versus Nicklas Backstrom in Oilers zone.
19:59 of 2nd period - Icing by Scott Hannan.

Period #3

0:01 of 3rd period - Derek Roy wins face-off versus Nicklas Backstrom in neutral zone.
0:04 of 3rd period - Shot by Dany Heatley.
0:04 of 3rd period - Stopped by Pekka Rinne without a rebound.
0:05 of 3rd period - Jeff Carter wins face-off versus Radek Dvorak in Predators zone.
0:18 of 3rd period - Minor Penalty to Scottie Upshall for Hooking.
0:19 of 3rd period - Derek Roy wins face-off versus David Legwand in Predators zone.
0:19 of 3rd period - Roman Hamrlik is hit by Braydon Coburn and loses puck.
0:24 of 3rd period - Shot by Derek Roy.
0:24 of 3rd period - Stopped by Pekka Rinne without a rebound.
0:25 of 3rd period - Michal Handzus wins face-off versus Jeff Carter in Predators zone.
0:30 of 3rd period - Shot by Scott Hannan.
0:30 of 3rd period - Stopped by Pekka Rinne without a rebound.
0:31 of 3rd period - Derek Roy wins face-off versus David Legwand in Predators zone.
0:36 of 3rd period - Shot by Dany Heatley.
0:36 of 3rd period - Shot Misses the Net.
0:38 of 3rd period - Shot by Roman Hamrlik.
0:38 of 3rd period - Goal by Roman Hamrlik - Predators : 1 - Oilers : 1.
0:39 of 3rd period - Nicklas Backstrom wins face-off versus Radek Dvorak in neutral zone.
0:57 of 3rd period - Shot by Patric Hornqvist.
0:57 of 3rd period - Shot Blocked by Scott Hannan.
1:06 of 3rd period - Icing by Bryce Salvador.
1:07 of 3rd period - Patrik Elias wins face-off versus Ryan Johnson in Oilers zone.
1:36 of 3rd period - Shot by Dany Heatley.
1:36 of 3rd period - Stopped by Pekka Rinne without a rebound.
1:37 of 3rd period - Steven Stamkos wins face-off versus Derek Roy in Predators zone.
1:48 of 3rd period - Shot by Steven Stamkos.
1:48 of 3rd period - Shot Misses the Net.
1:52 of 3rd period - Shot by Alexandre Burrows.
1:52 of 3rd period - Shot Blocked by Roman Hamrlik.
1:54 of 3rd period - Shot by Alexandre Burrows.
1:54 of 3rd period - Stopped by Kari Lehtonen with a rebound.
1:58 of 3rd period - Shot by Steven Stamkos.
1:58 of 3rd period - Stopped by Kari Lehtonen without a rebound.
1:59 of 3rd period - Michal Handzus wins face-off versus Nicklas Backstrom in Oilers zone.
2:19 of 3rd period - Stephen Weiss is hit by Shea Weber and loses puck.
2:41 of 3rd period - Off-side.
2:42 of 3rd period - Derek Roy wins face-off versus Jeff Carter in neutral zone.
3:08 of 3rd period - Shot by Jeff Carter.
3:08 of 3rd period - Shot Misses the Net.
3:36 of 3rd period - Shot by Steven Stamkos.
3:36 of 3rd period - Stopped by Kari Lehtonen without a rebound.
3:37 of 3rd period - Ryan Johnson wins face-off versus Steven Stamkos in Oilers zone.
4:19 of 3rd period - Icing by Radek Dvorak.
4:20 of 3rd period - Nicklas Backstrom wins face-off versus Ryan Johnson in Oilers zone.
5:31 of 3rd period - Mark Popovic is hit by Jeff Carter and loses puck.
5:49 of 3rd period - Shot by Stephen Weiss.
5:49 of 3rd period - Shot Misses the Net.
5:53 of 3rd period - Shot by Stephen Weiss.
5:53 of 3rd period - Stopped by Pekka Rinne with a rebound.
5:57 of 3rd period - Shot by Stephen Weiss.
5:57 of 3rd period - Stopped by Pekka Rinne without a rebound.
5:58 of 3rd period - Scott Nichol wins face-off versus Alexandre Burrows in Predators zone.
7:02 of 3rd period - Off-side.
7:03 of 3rd period - Michal Handzus wins face-off versus David Legwand in neutral zone.
7:07 of 3rd period - Shot by Radek Dvorak.
7:07 of 3rd period - Stopped by Pekka Rinne with a rebound.
7:11 of 3rd period - Shot by Radek Dvorak.
7:11 of 3rd period - Deflect By Stephen Weiss.
7:11 of 3rd period - Shot Blocked by Tomas Kaberle.
7:13 of 3rd period - Shot by Radek Dvorak.
7:13 of 3rd period - Deflect By Stephen Weiss.
7:13 of 3rd period - Stopped by Pekka Rinne with a rebound.
7:15 of 3rd period - Shot by Adrian Aucoin.
7:15 of 3rd period - Shot Misses the Net.
7:20 of 3rd period - Icing by Patrik Elias.
7:21 of 3rd period - Andrew Ladd wins face-off versus David Legwand in Predators zone.
7:22 of 3rd period - Shot by Todd Marchant.
7:22 of 3rd period - Shot Misses the Net.
7:52 of 3rd period - Shot by Ryan Johnson.
7:52 of 3rd period - Stopped by Pekka Rinne without a rebound.
7:53 of 3rd period - Steven Stamkos wins face-off versus Michal Handzus in Predators zone.
8:35 of 3rd period - Shot by Derek Roy.
8:35 of 3rd period - Stopped by Pekka Rinne with a rebound.
8:43 of 3rd period - Shot by Derek Roy.
8:43 of 3rd period - Shot Misses the Net.
8:44 of 3rd period - Minor Penalty to Zbynek Michalek for Hooking.
8:45 of 3rd period - Jeff Carter wins face-off versus Michal Handzus in Predators zone.
9:36 of 3rd period - Dany Heatley is hit by Shea Weber and loses puck.
10:13 of 3rd period - Shot by Andrew Ladd.
10:13 of 3rd period - Stopped by Pekka Rinne without a rebound.
10:14 of 3rd period - Derek Roy wins face-off versus Jeff Carter in Predators zone.
10:14 of 3rd period - Derek Roy is hit by Cody Franson.
10:34 of 3rd period - Shot by Derek Roy.
10:34 of 3rd period - Deflect By Rod BrindAmour.
10:34 of 3rd period - Shot Misses the Net.
10:38 of 3rd period - Shot by Adrian Aucoin.
10:38 of 3rd period - Shot Misses the Net.
10:40 of 3rd period - Shot by Rod BrindAmour.
10:40 of 3rd period - Stopped by Pekka Rinne without a rebound.
10:41 of 3rd period - Michal Handzus wins face-off versus David Legwand in Predators zone.
10:42 of 3rd period - Shot by Bryce Salvador.
10:42 of 3rd period - Stopped by Pekka Rinne with a rebound.
11:00 of 3rd period - Shot by Nicklas Backstrom.
11:00 of 3rd period - Stopped by Kari Lehtonen with a rebound.
11:11 of 3rd period - Icing by Brent Burns.
11:12 of 3rd period - Derek Roy wins face-off versus Nicklas Backstrom in Predators zone.
11:48 of 3rd period - Icing by Brent Burns.
11:49 of 3rd period - Michal Handzus wins face-off versus Nicklas Backstrom in Predators zone.
11:53 of 3rd period - Stephen Weiss is hit by Brent Burns and loses puck.
11:55 of 3rd period - Minor Penalty to Brent Burns for Delaying the game.
11:56 of 3rd period - David Legwand wins face-off versus Michal Handzus in Predators zone.
12:15 of 3rd period - Shot by Stephen Weiss.
12:15 of 3rd period - Shot Misses the Net.
12:17 of 3rd period - Shot by Radek Dvorak.
12:17 of 3rd period - Shot Misses the Net.
12:45 of 3rd period - Shot by Dany Heatley.
12:45 of 3rd period - Stopped by Pekka Rinne with a rebound.
12:48 of 3rd period - Minor Penalty to Derek Morris for Hooking.
12:49 of 3rd period - Rod BrindAmour wins face-off versus Jeff Carter in Predators zone.
12:59 of 3rd period - Icing by Roman Hamrlik.
13:00 of 3rd period - Rod BrindAmour wins face-off versus Jeff Carter in Oilers zone.
13:11 of 3rd period - Shot by Dany Heatley.
13:11 of 3rd period - Stopped by Pekka Rinne without a rebound.
13:12 of 3rd period - David Legwand wins face-off versus Michal Handzus in Predators zone.
14:02 of 3rd period - Alexandre Burrows is hit by Dany Heatley.
14:36 of 3rd period - Cody Franson is hit by Michal Handzus and loses puck.
14:49 of 3rd period - Shot by Stephen Weiss.
14:49 of 3rd period - Shot Misses the Net.
14:51 of 3rd period - Shot by Scott Nichol.
14:51 of 3rd period - Goal by Scott Nichol - Predators : 1 - Oilers : 2.
14:52 of 3rd period - Ryan Johnson wins face-off versus Jeff Carter in neutral zone.
15:19 of 3rd period - Shot by Andrew Ladd.
15:19 of 3rd period - Stopped by Pekka Rinne without a rebound.
15:20 of 3rd period - Nicklas Backstrom wins face-off versus Michal Handzus in Predators zone.
15:27 of 3rd period - Shot by Nicklas Backstrom.
15:27 of 3rd period - Shot Misses the Net.
15:31 of 3rd period - Shot by Nicklas Backstrom.
15:31 of 3rd period - Stopped by Kari Lehtonen without a rebound.
15:32 of 3rd period - Nicklas Backstrom wins face-off versus Michal Handzus in Oilers zone.
15:38 of 3rd period - Shot by Derek Morris.
15:38 of 3rd period - Stopped by Kari Lehtonen with a rebound.
15:40 of 3rd period - Shot by Scottie Upshall.
15:40 of 3rd period - Shot Blocked by Mark Popovic.
15:42 of 3rd period - Shot by Patrik Elias.
15:42 of 3rd period - Stopped by Kari Lehtonen without a rebound.
15:43 of 3rd period - Nicklas Backstrom wins face-off versus Dany Heatley in Oilers zone.
16:13 of 3rd period - Shot by Dany Heatley.
16:13 of 3rd period - Stopped by Pekka Rinne with a rebound.
16:56 of 3rd period - Icing by Derek Morris.
16:57 of 3rd period - Rod BrindAmour wins face-off versus Jeff Carter in Predators zone.
17:00 of 3rd period - Shot by Scott Nichol.
17:00 of 3rd period - Shot Misses the Net.
17:02 of 3rd period - Shot by Scott Nichol.
17:02 of 3rd period - Shot Misses the Net.
17:17 of 3rd period - Andrew Ladd is hit by Tomas Kaberle and loses puck.
17:20 of 3rd period - Shot by Andrew Ladd.
17:20 of 3rd period - Deflect By Rod BrindAmour.
17:20 of 3rd period - Stopped by Pekka Rinne without a rebound.
17:21 of 3rd period - Derek Roy wins face-off versus Patrik Elias in Predators zone.
17:22 of 3rd period - Shot by Dany Heatley.
17:22 of 3rd period - Stopped by Pekka Rinne without a rebound.
17:23 of 3rd period - Derek Roy wins face-off versus Alexandre Burrows in Predators zone.
17:34 of 3rd period - Shot by Dany Heatley.
17:34 of 3rd period - Stopped by Pekka Rinne without a rebound.
17:35 of 3rd period - Michal Handzus wins face-off versus Wayne Simmonds in Predators zone.
17:59 of 3rd period - Icing by Nicklas Backstrom.
18:00 of 3rd period - Nicklas Backstrom wins face-off versus Derek Roy in Predators zone.
18:14 of 3rd period - Off-side.
18:15 of 3rd period - Jeff Carter wins face-off versus Radek Dvorak in neutral zone.
18:18 of 3rd period - Shot by Scottie Upshall.
18:18 of 3rd period - Stopped by Kari Lehtonen without a rebound.
18:19 of 3rd period - Derek Roy wins face-off versus Scottie Upshall in Oilers zone.
19:23 of 3rd period - Shot by Stephen Weiss.
19:23 of 3rd period - Stopped by Pekka Rinne with a rebound.
19:38 of 3rd period - Shot by Stephen Weiss.
19:38 of 3rd period - Stopped by Pekka Rinne with a rebound.


Output by the SimonT Hockey Simulator (STHS) for Stephane Roy -- Original Page W3C XHTML 1.0 Valid